 Dungeon Sprint DCSS version 0.18-a0-1788-g92de1ac (webtiles) character file.

1306 wvc the Carver (level 8, -4/112 HPs)
             Began as a Minotaur Gladiator on Apr 19, 2016.
             Slain by a demonic crawler (6 damage)
             ... in the Dungeon (Sprint I: "Red Sonja").
             The game lasted 00:02:53 (852 turns).

wvc the Carver (Minotaur Gladiator)                  Turns: 852, Time: 00:02:55

Health: -4/112     AC:  3    Str: 27    XL:     8   Next: 32%
Magic:  7/7        EV: 17    Int:  5    God:
Gold:   270        SH:  0    Dex: 11    Spells: 0 memorised, 7 levels left

rFire  . . .     SeeInvis .     a - +0 long sword
rCold  . . .     Gourm    .     b - +0 leather armour
rNeg   . . .     Faith    .     (no shield)
rPois  .         Spirit   .     c - +0 hat
rElec  .         Dismiss  .     (no cloak)
rCorr  .         Reflect  .     (no gloves)
SustAt .         Harm     .     (no boots)
MR     .....     NoTele   +     (no amulet)
Stlth  ..........               (no ring)
                                (no ring)

@: berserking, very quick, not resistant to hostile enchantments, extremely
unstealthy
A: retaliatory headbutt, horns 2
a: no special abilities


You were in the Dungeon.
You were not hungry.

You visited 1 branch You collected 270 gold pieces.

Inventory:

Hand Weapons
 a - a +0 long sword (weapon)
Missiles
 d - 2 throwing nets (quivered)
Armour
 b - a +0 leather armour (worn)
 c - a +0 hat (worn)
Scrolls
 k - a scroll of blinking
Potions
 g - a potion of heal wounds
 h - a potion of haste
 i - 2 potions of magic
Comestibles
 f - a bread ration


   Skills:
 + Level 8.3 Fighting
 + Level 12.6 Long Blades
 + Level 5.5 Throwing
 + Level 6.8 Armour
 + Level 11.6 Dodging
 + Level 4.0 Stealth


You had 7 spell levels left.
You didn't know any spells.

Dungeon Overview and Level Annotations

Branches:
Dungeon (1/1)

Altars:
Cheibriados
Dithmenos
Fedhas
Jiyva


Innate Abilities, Weirdness & Mutations

You reflexively headbutt those who attack you in melee.
You have a pair of horns on your head.


Message History

Your Fighting skill increases to level 8!
Your Stealth skill increases to level 4!
You completely miss the demonic crawler.
You headbutt the demonic crawler.
The demonic crawler is lightly wounded.
An arrow hits the demonic crawler, but does no damage!
The demonic crawler hits you!
* * * LOW HITPOINT WARNING * * *
The demonic crawler closely misses you. The demonic crawler hits you!
* * * LOW HITPOINT WARNING * * *
You are too berserk!
You barely miss the demonic crawler.
The demonic crawler is lightly wounded.
You slice the demonic crawler!! You headbutt the demonic crawler!
The demonic crawler is severely wounded.
The demonic crawler closely misses you. You furiously retaliate!
You headbutt the demonic crawler.
The demonic crawler completely misses you.
The demonic crawler hits you.
You die...

##########################
#<.#..').#..'..#__#..)...#
#..'[.#..').#.@ss.'..#...#
#..#####'#####+#__####...'ss#
#..# #..# #### ####ss+ #..#
#### ## #..# #⌠⌠# ####


You could see 2 demonic crawlers.

Vanquished Creatures
  2 kobold demonologists (D)
  A demonic crawler (D)
  A slime creature (D)
  Sigmund (D)
  A giant eyeball (D)
  An ogre (D)
  Ijyb (D)
8 creatures vanquished.

Notes
Turn   | Place    | Note
--------------------------------------------------------------
     0 | D        | wvc the Minotaur Gladiator began the quest for the Orb.
     0 | D        | Reached XP level 1. HP: 18/18 MP: 0/0
     1 | D        | Noticed Ijyb
    20 | D        | Killed Ijyb
    20 | D        | Reached skill level 5 in Long Blades
    20 | D        | Reached skill level 1 in Armour
    20 | D        | Reached skill level 5 in Dodging
    20 | D        | Reached XP level 2. HP: 14/26 MP: 1/1
   259 | D        | Noticed an ogre
   265 | D        | Killed an ogre
   265 | D        | Reached skill level 7 in Long Blades
   265 | D        | Reached XP level 3. HP: 34/34 MP: 2/2
   265 | D        | Reached XP level 4. HP: 41/41 MP: 3/3
   270 | D        | Noticed Sigmund
   287 | D        | Killed Sigmund
   287 | D        | Reached skill level 5 in Fighting
   287 | D        | Reached skill level 9 in Long Blades
   287 | D        | Reached XP level 5. HP: 15/50 MP: 4/4
   631 | D        | Found a snail-covered altar of Cheibriados.
   631 | D        | Found a viscous altar of Jiyva.
   631 | D        | Found a shadowy altar of Dithmenos.
   631 | D        | Found a blossoming altar of Fedhas.
   631 | D        | Noticed a slime creature
   641 | D        | Killed a slime creature
   641 | D        | Reached skill level 10 in Long Blades
   641 | D        | Reached skill level 5 in Armour
   641 | D        | Reached XP level 6. HP: 29/58 MP: 5/5
   804 | D        | Noticed a kobold demonologist
   805 | D        | Noticed a giant eyeball
   814 | D        | Killed a kobold demonologist
   814 | D        | Reached skill level 11 in Long Blades
   814 | D        | Reached skill level 5 in Throwing
   814 | D        | Reached skill level 10 in Dodging
   814 | D        | Reached XP level 7. HP: 59/66 MP: 6/6
   818 | D        | Noticed a kobold demonologist
   818 | D        | Noticed a demonic crawler
   818 | D        | Noticed a demonic crawler
   818 | D        | Noticed a demonic crawler
   818 | D        | Noticed a demonic crawler
   822 | D        | Noticed a neqoxec
   833 | D        | Noticed a hellwing
   834 | D        | Killed a kobold demonologist
   834 | D        | Reached skill level 12 in Long Blades
   834 | D        | Reached XP level 8. HP: 67/74 MP: 7/7
   849 | D        | Killed a demonic crawler
   850 | D        | HP: 2/112 [demonic crawler (12)]
   852 | D        | Slain by a demonic crawler

Vault maps used:
D:        dungeon_sprint_1

Skill      XL: |  1  2  3  4  5  6  7  8 |
---------------+-------------------------+-----
Fighting       | 3 4 5 6 7 8 |  8.3
Long Blades    | 5 7 9 10 11 12 | 12.6
Armour         | 1 3 4 5 6 |  6.8
Dodging        | 5 6 8 9 10 11 | 11.6
Throwing       | 3 4 5 |  5.5
Stealth        | 2 3 4 |  4.0

Action                   |  1- 3 |  4- 6 |  7- 9 || total
-------------------------+-------+-------+-------++-------
Melee: Long sword        |    21 |    28 |    29 ||    78
       Headbutt          |     2 |     8 |     8 ||    18
Throw: Throwing net      |     1 |     1 |       ||     2
  Use: Potion            |     1 |       |     1 ||     2
 Stab: Held in net/web   |     1 |     2 |       ||     3
Armor: Leather armour    |     1 |     1 |     4 ||     6
Dodge: Dodged            |    12 |     3 |    25 ||    40
